 Dungeon Crawl Stone Soup version 0.21.1-1-g345015fe64 (webtiles) character file.

55 Bal the Sneak (level 3, -5/18 HPs)
             Began as a Vine Stalker Assassin on Feb 18, 2018.
             Slain by a gnoll
             ... wielding a cursed -2 halberd
              (8 damage)
             ... on level 2 of the Dungeon.
             The game lasted 00:02:08 (1850 turns).

Bal the Sneak (Vine Stalker Assassin)               Turns: 1850, Time: 00:02:09

Health: -5/18      AC:  3    Str: 13    XL:     3   Next: 93%
Magic:  0/4        EV: 12    Int: 11    God:
Gold:   99         SH:  0    Dex: 16    Spells: 2/2 levels left

rFire    . . .     SeeInvis .   b - +0 blowgun
rCold    . . .     Gourm    .   (no shield)
rNeg     . . .     Faith    .   c - +0 robe
rPois    .         Spirit   +   (no helmet)
rElec    .         Reflect  .   d - +0 cloak
rCorr    .         Harm     .   (no gloves)
MR       .....                  (no boots)
Stlth    +++.......             (no amulet)
HPRegen  0.06/turn              (no ring)
MPRegen  0.09/turn              (no ring)

@: no status effects
A: fangs 2, magic shield, antimagic bite, no potion heal 3, rot immunity
a: no special abilities


You were on level 2 of the Dungeon.
You were not hungry.

You visited 1 branch of the dungeon, and saw 2 of its levels.

You collected 99 gold pieces.

Inventory:

Hand Weapons
 a - a +0 dagger of venom
 b - a +0 blowgun (weapon)
 j - a +2 dagger
Missiles
 e - 19 poisoned needles (quivered)
 f - 2 curare-tipped needles
Armour
 c - a +0 robe (worn)
 d - a +0 cloak (worn)
Scrolls
 g - 8 scrolls of identify {unknown}
 h - a scroll of fog {unknown}
 m - a scroll of teleportation {unknown}
 o - 3 scrolls of remove curse {unknown}
 p - 2 scrolls of blinking {unknown}
 q - 2 scrolls of random uselessness {unknown}
 r - a scroll of immolation {unknown}
Potions
 i - 2 potions of might {unknown}
 k - a potion of berserk rage {unknown}
 l - a potion of invisibility {unknown}
 n - 2 potions of flight {unknown}


   Skills:
 + Level 2.2 Fighting
 + Level 2.0 Short Blades
 + Level 2.0 Throwing
 + Level 0.8 Dodging
 + Level 6.2 Stealth


You had 2 spell levels left.
You didn't know any spells.

Dungeon Overview and Level Annotations

Branches:
Dungeon (2/15)

Altars:


Innate Abilities, Weirdness & Mutations

You have extremely sharp teeth.
When hurt, damage is shared between your health and your magic reserves.
Your bite disrupts and absorbs the magic of your enemies.
Potions cannot restore your health.
You are immune to rotting.


Message History

The gnoll looks more healthy.
The gnoll hits you from afar with a halberd.
* * * LOW HITPOINT WARNING * * *
The gnoll barely misses you.
Firing (i - inventory. (,) - cycle):
e - 20 poisoned needles (quivered)
Press: ? - help, Shift-Dir - straight line, f/p - gnoll
Aim: a gnoll, wielding a halberd (severely wounded)
You shoot a poisoned needle.
The poisoned needle barely misses the gnoll.
The poisoned needle hits the gnoll.
The gnoll is poisoned.
The gnoll is severely wounded.
The gnoll misses you.
Your Short Blades skill increases to level 2!
Your Throwing skill increases to level 2!
You feel a bit more experienced.
There is an open door here.
Unknown command.
You open the door.
The gnoll hits you from afar with a halberd!
You die...

...(............##..##.#.######
........####...####....#(#
........####.#.# ######.#
...........#.#.# #g#
####.......+.#.##### #.#
...........###.#...# #.#
........######.#...#####.#
..............>'...'.....#
...............#@.g#######
.....#.........#...#
.....#.......(.#...#
.....#.........#...#
.....#...(.....#...#
.....#.........#...######
####....................#
#....................#
#........##..........#


You could see a gnoll.

Vanquished Creatures
  2 gnolls (D:2)
  2 adders (D:2)
  2 ball pythons (D:1)
  2 giant cockroaches
  A hobgoblin (D:1)
  A bat (D:1)
  4 goblins
  3 kobolds
  5 rats
22 creatures vanquished.

Notes
Turn   | Place    | Note
-------+----------+-------------------------------------------
     0 | D:1      | Bal the Vine Stalker Assassin began the quest for the Orb.
     0 | D:1      | Reached XP level 1. HP: 11/11 MP: 2/2
   199 | D:1      | Reached skill level 5 in Stealth
   622 | D:1      | Reached XP level 2. HP: 9/15 MP: 3/3
  1288 | D:2      | Reached XP level 3. HP: 15/18 MP: 2/4
  1778 | D:2      | Reached skill level 6 in Stealth
  1850 | D:2      | Slain by a gnoll

Skill      XL: |  1  2  3 |
---------------+----------+-----
Stealth        | 5 6 |  6.2
Fighting       | 2 |  2.2
Short Blades   | 2 |  2.0
Throwing       | 2 |  2.0
Dodging        | |  0.8

Action                   || total
-------------------------++-------
Melee: Dagger            ||    38
       Bite              ||     7
 Fire: Blowgun           ||     3
 Stab: Sleeping          ||     5
  Eat: Ration            ||     1
Armor: Robe              ||     5
Dodge: Dodged            ||    21
